 Dungeon Crawl Stone Soup version 0.32-a0-981-g384da2ce10 (webtiles) character file.

Game seed: 525550135697669208

1852271 bananaken the Ruinous (level 27, 189/189 HPs)
             Began as a Djinni Hedge Wizard on Apr 20, 2024.
             Was the Champion of Ashenzari.
             Escaped with the Orb
             ... and 3 runes on Apr 21, 2024!
             The game lasted 06:18:42 (59181 turns).

bananaken the Ruinous (Djinni Hedge Wizard)        Turns: 59181, Time: 06:18:42

Health: 189/189    AC: 24    Str: 13    XL:     27
Gold:   6403       EV: 23    Int: 46    God:    Ashenzari [******] SH: 31 Dex: 13

rFire   + + .        j - +9 staff of Olgreb {rPois∞, Dev, Bglg} (curse)
rCold   + + .        y - +7 tower shield "Eternal Together" {rC+, Cun, Dev} (curse)
rNeg    + + +        i - quicksilver dragon scales of the Unyielding Gaze {Will+, Cun, Range} (curse)
rPois   ∞            c - +3 hat of Pondering {ponderous, Will+ MP+10 Int+5, Self, Elem} (curse)
rElec   +            F - +1 cloak "Circumscribed Orthodoxy" {rPois rC+ Regen+, Cun, Bglg} (curse)
rCorr   +            s - +1 pair of gloves of Ashenzari's Elitism {Fly rCorr Str+3, Bglg, Self} (curse)
SInv    +            (boots unavailable)
Will    +++++        S - amulet "Hedonism of Ashenzari" {Rampage Regen+ Int+4, Dev, Range} (curse)
Stlth   +            e - ring of Supernal Understanding {rElec Will+ EV+5, Range, Elem} (curse)
HPRegen 2.11/turn    U - ring "Tethered Soothsayer" {Int+6, Comp, Sorc} (curse)

%: clarity, rampage
@: death-form, flying, studying 5 skills, slow
A: vile attack, torment immunity, no potions, flying, sickness immunity, fire
resistance 2, cold vulnerability 1, float, innate caster, HP casting, extra
vitality 1, large bone plates 1, clever 1, MP-powered wands
0: Orb of Zot
}: 3/15 runes: decaying, serpentine, silver
a: Siphon Essence, Begin Untransformation, Renounce Religion, Evoke the Staff of
Olgreb, Shatter the Chains


You escaped.
You worshipped Ashenzari.
Ashenzari was exalted by your worship.
You were an undying horror.
You visited 11 branches of the dungeon, and saw 51 of its levels.
You visited 1 ziggurat, and saw 15 of its levels.
You also visited: Trove, Bailey, Ice Cave and Wizlab.

You collected 16297 gold pieces.
You spent 9894 gold pieces at shops.

Inventory:

Hand Weapons
 j - the cursed +9 staff of Olgreb (weapon) {rPois∞, Dev, Bglg}
   (You found it on level 3 of the Vaults)

   Radiate:   It can be activated via the 'a'bility menu to radiate toxic
   energy, with effectiveness depending on Evocations skill.
   Alch:      It enhances your alchemy magic.
   rPois∞: It grants immunity to poison.
   It has a curse which improves the following skills: Devices: Evocations and
   Shapeshifting.
   Beguiling: Hexes and Translocations.
Missiles
 m - 6 silver javelins (quivered)
Armour
 c - the cursed +3 hat of Pondering (worn) {ponderous, Will+ MP+10 Int+5, Self, Elem}
   (You bought it in a shop on level 1 of the Vaults)

   Int+5:     It affects your intelligence (+5).
   Will+:     It increases your willpower.
   MP+10:     It affects your magic capacity (+10).
   It has a curse which improves the following skills: Introspection: Fighting
   and Spellcasting.
   Elements:  Fire Magic, Ice Magic, Air Magic and Earth Magic.
 i - the cursed quicksilver dragon scales of the Unyielding Gaze (worn) {Will+, Cun, Range}
   (You found it on level 3 of the Vaults)

   Will+:     It increases your willpower.
   It has a curse which improves the following skills: Cunning: Dodging and
   Stealth.
   Ranged Combat: Ranged Weapons and Throwing.
 s - the cursed +1 pair of gloves of Ashenzari's Elitism (worn) {Fly rCorr Str+3, Bglg, Self}
   (You found it in a treasure trove)

   Str+3:     It affects your strength (+3).
   Fly:       It grants you flight.
   rCorr:     It protects you from acid and corrosion.
   It has a curse which improves the following skills: Beguiling: Hexes and
   Translocations.
   Introspection: Fighting and Spellcasting.
 y - the cursed +7 tower shield "Eternal Together" (worn) {rC+, Cun, Dev}
   (You took it off a naga warrior on level 3 of the Snake Pit)

   It has a curse which improves the following skills: Cunning: Dodging and
   Stealth.
   Devices:   Evocations and Shapeshifting.
 F - the cursed +1 cloak "Circumscribed Orthodoxy" (worn) {rPois rC+ Regen+, Cun, Bglg}
   (You found it in a treasure trove)

   rC+:       It protects you from cold.
   rPois:     It protects you from poison.
   Regen+:    It increases your rate of health regeneration.
   It has a curse which improves the following skills: Cunning: Dodging and
   Stealth.
   Beguiling: Hexes and Translocations.
 J - the +2 helmet of Resonance {Fly rPois Str-4 Int+5}
   (You found it on level 14 of a ziggurat)

   Str-4:     It affects your strength (-4).
   Int+5:     It affects your intelligence (+5).
   rPois:     It protects you from poison.
   Fly:       It grants you flight.
Jewellery
 e - the cursed ring of Supernal Understanding (left hand) {rElec Will+ EV+5, Range, Elem}
   (You acquired it on level 2 of the Depths)

   [ring of evasion]

   EV+5:      It affects your evasion (+5).
   rElec:     It insulates you from electricity.
   Will+:     It increases your willpower.
   It has a curse which improves the following skills: Ranged Combat: Ranged
   Weapons and Throwing.
   Elements:  Fire Magic, Ice Magic, Air Magic and Earth Magic.
 E - the ring "Toucvyj" {Fly rF+ Int+2 Slay+3}
   (You found it on level 4 of the Vaults)

   [ring of protection from fire]

   Int+2:     It affects your intelligence (+2).
   Slay+3:    It affects your accuracy & damage with ranged weapons and melee
   (+3).
   rF+:       It protects you from fire.
   Fly:       It grants you flight.
 I - the amulet "Lentaco" {Regen+ Dex+4}
   (You found it on level 3 of the Crypt)

   [amulet of regeneration]

   Dex+4:     It affects your dexterity (+4).
   Regen+:    It increases your rate of health regeneration.
 M - the ring "Emoyffa" {Ice rElec Str+2 Dex+2}
   (You took it off Josephina on level 2 of the Depths)

   [ring of ice]

   Ice:       It enhances your ice magic.
   Str+2:     It affects your strength (+2).
   Dex+2:     It affects your dexterity (+2).
   rF-:       It makes you vulnerable to fire.
   rC+:       It protects you from cold.
   rElec:     It insulates you from electricity.
 S - the cursed amulet "Hedonism of Ashenzari" (around neck) {Rampage Regen+ Int+4, Dev, Range}
   (You found it on level 3 of the Crypt)

   [amulet of regeneration]

   Int+4:     It affects your intelligence (+4).
   Regen+:    It increases your rate of health regeneration.
   Rampage:   It bestows one free step when moving towards enemies.
   It has a curse which improves the following skills: Devices: Evocations and
   Shapeshifting.
   Ranged Combat: Ranged Weapons and Throwing.
 U - the cursed ring "Tethered Soothsayer" (right hand) {Int+6, Comp, Sorc}
   (You bought it in a shop on level 4 of the Dungeon)

   [ring of intelligence]

   Int+6:     It affects your intelligence (+6).
   It has a curse which improves the following skills: Companions: Summonings
   and Necromancy.
   Sorcery:   Conjurations and Alchemy.
 W - the dreamshard necklace {Acrobat *Dream}
   (You acquired it on level 5 of the Vaults)

   [amulet of the acrobat]

   *Dream:    It absorbs a single lethal wound into itself, holding its wearer
   just short of death and releasing dream-creatures to guard them.
   Acrobat:   It increases your evasion while moving and waiting.
 Z - a +4 ring of slaying
Talismans
 O - a granite talisman
 V - a talisman of death (active)
Wands
 a - a wand of acid (29)
 k - a wand of paralysis (51)
 p - a wand of digging (7)
 K - a wand of warping (38)
Scrolls
 g - 4 scrolls of enchant armour
 n - 17 scrolls of vulnerability
 o - 5 scrolls of fear
 q - 21 scrolls of immolation
 r - 4 scrolls of torment
 v - 10 scrolls of poison
 w - 16 scrolls of revelation
 x - 18 scrolls of fog
 C - 16 scrolls of teleportation
 N - 3 scrolls of butterflies
 P - 6 scrolls of blinking
 X - 8 scrolls of noise
Potions
 d - 10 potions of enlightenment
 l - 15 potions of might
 t - 4 potions of berserk rage
 u - a potion of lignification
 z - 2 potions of mutation
 A - 2 potions of resistance
 B - 5 potions of brilliance
 D - 27 potions of curing
 G - 3 potions of haste
 H - 10 potions of heal wounds
 L - 4 potions of attraction
 R - a potion of cancellation
 T - 2 potions of invisibility
 Y - 5 potions of ambrosia
Miscellaneous
 b - a lightning rod (4/4)
 f - a box of beasts
 h - a phantom mirror
 Q - a Gell's gravitambourine (2/2)


   Skills:
 + Level 16.8(20.3) Fighting
 - Level 14.0 Staves
 - Level 10.5(15.2) Throwing
 - Level 16.9 Armour
 - Level 18.7(23.1) Dodging
 - Level 1.5(4.5) Stealth
 - Level 18.3 Shields
 - Level 0.6 Unarmed Combat
 + Level 23.2(26.3) Spellcasting
 + Level 24.9(27) Conjurations
 + Level 23.2(27) Hexes
   Level 0.0 Charms
 + Level 23.2(25.2) Summonings
 + Level 23.2(25.2) Necromancy
 + Level 23.2(27) Translocations
   Level 0.0 Transmutations
 + Level 23.2(26.3) Fire Magic
 + Level 23.2(26.3) Ice Magic
 + Level 23.2(26.3) Air Magic
 + Level 23.2(26.3) Earth Magic
 + Level 23.2(25.2) Alchemy
 - Level 15.0(19.6) Evocations
 - Level 20.4(24.8) Shapeshifting


You knew the following spells:

 Your Spells              Type           Power      Damage    Failure   Level
a - Magic Dart            Conj           100%       1d8       0%          1
b - Slow                  Hex            100%       N/A       0%          1
c - Blink                 Tloc           100%       N/A       0%          2
d - Call Imp              Summ           100%       N/A       0%          2
e - Mephitic Cloud        Conj/Alch/Air  100%       N/A       0%          3
f - Apportation           Tloc           100%       N/A       0%          1
g - Searing Ray           Conj           100%       2d8       0%          2
h - Passwall              Erth           100%       N/A       0%          3
i - Summon Ice Beast      Ice/Summ       100%       N/A       0%          3
j - Iskenderun's Battles  Conj           100%       2d15      0%          5
k - Silence               Hex/Air        70%        N/A       0%          5
l - Gell's Gavotte        Tloc           71%        2d(43-64) 0%          6
m - Conjure Ball Lightni  Conj/Air       70%        3x3d26    0%          6
n - Monstrous Menagerie   Summ           69%        N/A       1%          7
o - Magnavolt             Erth/Air       70%        3d26      1%          7
p - Rimeblight            Ice/Necr       69%        2d12      (prim1%     7
q - Borgnjor's Revivific  Necr           69%        N/A       1%          8
r - Fire Storm            Conj/Fire      70%        8d18      1%          9
Your spell library was empty.

Dungeon Overview and Level Annotations

Branches:
Dungeon (15/15)            Temple (1/1) D:5            Lair (5/5) D:10
  Swamp (4/4) Lair:3        Snake (4/4) Lair:2        Slime (0/5) Lair:5
    Orc (2/2) D:10            Elf (3/3) Orc:2        Vaults (5/5) D:14
  Crypt (3/3) Vaults:3       Tomb (0/3) Crypt:3      Depths (4/4) D:15
    Zot (5/5) Depths:4     Bailey (visited)           IceCv (visited)
 WizLab (visited)

Altars:
Ashenzari
Cheibriados
Dithmenos
Elyvilon
Fedhas
Gozag
Hepliaklqana
Makhleb
Nemelex Xobeh
Okawaru
Qazlal
Ru
Trog
Uskayaw
Wu Jian
Xom
Yredelemnul
Zin
The Shining One
Jiyva
Lugonu

Shops:
D:4 =   D:5 *   D:10 (   Orc:2 (:!(   Elf:2 *   Elf:3 !   Snake:3 =::
Vaults:1 [   Vaults:3 !   Vaults:5 ??????*[*[   Depths:1 ([   Depths:3 :

Portals:
Hell: Depths:1 Depths:2 Depths:3 Depths:4
Abyss: D:10 Depths:2 Depths:3
Pandemonium: Depths:1 Depths:2

Annotations:
D:2 1 runed translucent door, Crazy Yiuf
Elf:2 3 runed translucent doors
Vaults:3 1 runed translucent door, zewo's ghost, adept HuEE
Depths:1 6 runed translucent doors
Depths:4 1 runed translucent door, Chish's ghost, veteran GnFE


Innate Abilities, Weirdness & Mutations

You are an undying horror.
Your melee and unarmed attacks drain, slow and weaken victims.
You are immune to unholy pain and torment.
You cannot drink.
You are flying.
You are immune to sickness and miasma.
You are immune to poison.
Your flesh is very heat resistant. (rF++)
You are vulnerable to cold. (rC-)
You float through the air rather than walking.
You learn spells naturally, not from books.
Your magical power is your life essence.
You have superior vitality. (+4 MHP)
You are partially covered in large bone plates. (SH +4)
Your mind is acute. (Int +4, Str/Dex -1)
You expend health (3 HP) to strengthen your wands.


Message History

The Executioner is severely wounded.
The great blast of fire engulfs the large abomination!!!
You destroy the large abomination!
Unknown command.
Unknown command.
Casting: Fire Storm (dangerous; 1% risk of failure)
Confirm with . or Enter, or press ? or * to list all spells.
Aiming: Fire Storm (dangerous; 1% risk of failure)
Press: ? - help, Dir - move target A raging storm of fire appears!
The great blast of fire engulfs the Executioner!!!
The Executioner partially resists.
You kill the Executioner!
Unknown command.
Unknown command.
What level of the Dungeon? (default 1, ? - help)
There is an open door here.
HP restored.
There is an open door here.
There is a stone staircase leading up here.
You fly upwards.
There is a stone staircase leading down here.
There is a stone staircase leading up here.
You fly upwards.
There is a stone staircase leading down here.
There is an escape hatch in the ceiling here.
You see here a serpent talisman.
There is a stone staircase leading up here.
You fly upwards.
Level annotation: 1 runed translucent door, Crazy Yiuf
There is a stone staircase leading down here.
There is a stone staircase leading up here.
You fly upwards.
There is a stone staircase leading down here.
You reach down and open the door.
There is an open door here.
There is an open door here.
There is an open door here.
There is a staircase leading out of the dungeon here.
You have escaped!

#..###.# ##### #..# #.#
#...# #.## #.# #'#.# #.# #.#
#.#.## #.# #.# #+#..## ###
#.# #.# #.#...#### #.. #.#
#.#### ##'##.....#######.#
#†#
#....#####...#####.........#
#.#
####)'.'.'.z.'.+.'.######..#
#.#
#######...#####.........#
#.# #..##'##.##...........
#.# #.#.#.##.##..##.......
#.# #...#'#......##.###...
#.# ##.##.##.##..##.# #...
#.## #.##'##.##..##.###..#
...####
#.##.##.##...........
.#....#
#.##....##..##.####.#


There were no monsters in sight!

Vanquished Creatures
  Frederick (Depths:4)
  6 dread liches
  3 ancient liches
  Mennas (Crypt:1)
  3 orbs of fire
  A juggernaut (Depths:3)
  A royal mummy (WizLab)
  5 Killer Klowns (Zot:5)
  Vv (Zot:3)
  3 curse toes
  A profane servitor (Crypt:3)
  5 caustic shrikes
  Nikola (Elf:2)
  6 golden dragons
  2 bone dragons
  3 doom hounds (Depths:3)
  2 electric golems (Zot:5)
  4 hellephants (Zig:15)
  4 iron giants
  12 tentacled monstrosities
  5 Brimstone Fiends
  An Ice Fiend (Depths:1)
  4 Hell Sentinels
  A walking earthen tome (Depths:3)
  A shard shrike skeleton (Crypt:3)
  3 titans (Vaults:5)
  26 Orb Guardians
  9 liches
  A walking divine tome (Depths:3)
  A deep elf blademaster (Elf:3)
  Grunn (Depths:3)
  4 searing wretches (Zig:15)
  6 quicksilver dragons
  11 sphinxes
  2 deep elf master archers (Elf:3)
  12 ancient champions
  An Executioner (D:5)
  5 death cobs
  3 thorn hunters
  The ghost of Zonian the Warrior, an adept GrEE of Ashenzari (Snake:4)
  4 shadow dragons
  4 protean progenitors
  6 draconian knights
  17 storm dragons
  Roxanne (Swamp:1)
  2 fenstrider witches
  7 tengu reavers
  5 revenants
  5 nagarajas
  9 draconian monks
  3 quicksilver elementals (Zig:14)
  13 fire giants
  5 iron dragons
  An emperor scorpion (Zig:9)
  4 draconian shifters
  22 vault wardens
  11 deep elf sorcerers
  9 balrugs
  7 deep elf elementalists (Elf:3)
  A ghoul (Zig:5)
  5 draconian scorchers
  3 ghost moths
  Louise (Swamp:2)
  12 frost giants
  9 ironbound preservers
  A curse skull (Crypt:3)
  The ghost of Pooter the Severer, a journeyman MiBe of Trog (Lair:5)
  3 reapers
  4 draconian stormcallers
  A juggernaut zombie (Crypt:3)
  9 orc warlords
  10 very ugly things
  A cacodemon (Depths:2)
  4 draconian annihilators
  19 stone giants
  2 formless jellyfish
  A demonspawn blood saint (Zot:1)
  2 spriggan defenders
  A caustic shrike skeleton (Depths:3)
  8 deep elf demonologists
  3 vampire knights
  9 black draconians
  7 deep elf annihilators
  3 ironbound thunderhulks
  8 red draconians
  8 yellow draconians
  18 white draconians
  3 eleionomae
  7 dire elephants
  10 green draconians
  9 deep elf death magi
  7 war gargoyles
  3 bunyips
  2 lorocyprocas
  A demonspawn black sun (Zot:1)
  6 purple draconians
  5 spark wasps
  4 eidola
  12 ettins
  A blizzard demon (D:12)
  2 crystal guardians
  6 jiangshi
  6 fire dragons
  5 iron golems
  9 deep elf high priests
  9 entropy weavers
  5 mummy priests
  19 hydras
  2 great orbs of eyes
  A shambling mangrove (Swamp:4)
  36 vault guards
  20 yaktaur captains
  6 salamander tyrants
  2 peacekeepers
  4 rakshasas
  A quicksilver dragon skeleton (Crypt:2)
  A catoblepas (Lair:5)
  3 spriggan air magi
  2 spriggan skeletons (Crypt:2)
  3 ogre magi
  A juggernaut simulacrum (Crypt:3)
  8 alligators
  10 centaur warriors
  3 ghost crabs
  7 anacondas
  6 ironbound frosthearts
  11 ice dragons
  9 boulder beetles
  A death knight (D:14)
  9 two-headed ogres
  15 dancing weapons
  2 death scarabs (Zig:3)
  An azure jelly zombie (Crypt:2)
  7 deep troll shamans
  A sphinx skeleton (Crypt:2)
  9 death yaks
  2 titan zombies
  7 vampire magi
  A hell hog (Zig:15)
  15 naga warriors
  4 spriggan berserkers
  3 tengu warriors
  6 deep troll earth magi
  3 orc high priests (Vaults:4)
  5 soul eaters
  A demonic crawler (Depths:4)
  An emperor scorpion zombie (Crypt:3)
  A skyshark (Lair:2)
  2 hell knights
  A skyshark (shapeshifter) (Vaults:3)
  9 naga sharpshooters
  4 sun demons (Zot:1)
  3 iron trolls
  8 deep elf knights
  A bunyip zombie (Crypt:3)
  Amaemon (Lair:2)
  6 shadow wraiths
  A pharaoh ant (Zig:9)
  21 skeletal warriors
  8 deep elf archers
  3 sixfirhies
  40 deep trolls
  4 goliath frogs
  4 salamander mystics
  4 glowing orange brains
  2 sea snakes (Snake:2)
  A golden dragon zombie (Depths:3)
  2 naga ritualists
  A quicksilver dragon simulacrum (Depths:2)
  A shadow demon (Zot:1)
  Lodul (D:11)
  2 spriggan simulacra
  6 bog bodies
  4 flayed ghosts
  7 arcanists
  11 swamp dragons
  5 thermic dynamos
  9 mana vipers
  8 spriggan druids
  A glowing orange brain (shapeshifter) (Depths:4)
  2 bunyip skeletons
  4 orange crystal statues (Zig:1)
  13 ironbound convokers
  A tengu zombie (Depths:3)
  An anaconda skeleton (Crypt:2)
  3 steelbarb worms
  A golden dragon skeleton (Crypt:1)
  21 necromancers
  22 deep elf pyromancers
  6 phantasmal warriors
  7 lindwurms
  19 orc knights
  A sphinx simulacrum (Depths:3)
  2 stone giant zombies
  A frost giant zombie (WizLab)
  22 ugly things
  2 orc sorcerers (Zig:12)
  19 deep elf zephyrmancers
  A salamander (shapeshifter) (D:14)
  3 tengu skeletons (Depths:3)
  A wolf spider (Zig:9)
  5 cyclopes
  4 manticores
  2 will-o-the-wisps
  23 salamanders
  3 elephants (Lair:5)
  A cyclops (shapeshifter) (Vaults:2)
  A centaur zombie (Crypt:3)
  8 meliai
  27 black mambas
  A toenail golem (Zot:2)
  A fire giant zombie (WizLab)
  29 moths of wrath
  10 kobold blastminers
  11 naga magi
  A titan simulacrum (Depths:3)
  7 guardian serpents
  An orange demon (Depths:2)
  3 ice statues
  12 vault sentinels
  A torpor snail (shapeshifter) (Depths:3)
  A demonspawn zombie (WizLab)
  5 cane toads
  An alligator snapping turtle zombie (Crypt:3)
  2 large abominations (D:5)
  4 torpor snails
  A komodo dragon (shapeshifter) (Vaults:5)
  4 kobold demonologists
  A mana viper skeleton (Crypt:2)
  2 efreet
  A naga skeleton (Crypt:2)
  A steelbarb worm zombie (Crypt:3)
  38 yaktaurs
  4 anaconda simulacra (IceCv)
  A hellion (Zig:14)
  5 komodo dragons
  5 freezing wraiths
  A rime drake (Lair:1)
  3 tormentors
  A death yak skeleton (Crypt:2)
  2 tengu conjurers
  A sea snake skeleton (Crypt:2)
  A yaktaur (shapeshifter) (D:15)
  14 guardian mummies
  9 ice devils
  4 polar bears
  3 bloated husks
  A queen bee (shapeshifter) (Vaults:5)
  13 hornets
  8 trolls
  A hydra zombie (Crypt:1)
  A moth of wrath zombie (Crypt:1)
  3 tyrant leeches
  Grinder (D:6)
  2 jumping spiders
  A tarantella (Vaults:1)
  A hydra skeleton (Crypt:3)
  16 blink frogs
  4 dream sheep (Lair:3)
  A spriggan zombie (WizLab)
  A snapping turtle (shapeshifter) (Elf:2)
  4 glass eyes
  13 slime creatures
  2 water elementals
  2 air elementals
  2 culicivoras
  29 yaks
  12 spriggans
  3 ushabtiu
  3 fire elementals
  6 wraiths
  4 dire elephant simulacra (IceCv)
  3 basilisks
  A hog (Lair:5)
  4 wyverns
  2 humans (D:14)
  5 wargs
  2 vampire mosquitoes (Swamp:3)
  A chaos spawn (Depths:4)
  A human simulacrum (Vaults:1)
  A yaktaur simulacrum (Vaults:1)
  7 redbacks
  A harpy simulacrum (IceCv)
  Menkaure (D:6)
  14 swamp worms
  2 glowing shapeshifter zombies (WizLab)
  A culicivora (shapeshifter) (Vaults:5)
  A hydra simulacrum (IceCv)
  2 acid dragons
  36 nagas
  A glowing shapeshifter skeleton (Vaults:1)
  14 water moccasins
  3 black bears
  8 laughing skulls
  50 orc warriors
  18 ogres
  8 swamp drakes
  A sky beast (D:7)
  16 wolves
  27 centaurs
  An elephant skeleton (Crypt:1)
  8 kobold brigands
  5 bullfrogs
  4 gnoll sergeants
  2 earth elementals
  15 wights
  4 killer bees (D:8)
  A raiju zombie (WizLab)
  A howler monkey (D:8)
  2 electric eels (Lair:3)
  5 lava snakes (Snake:3)
  3 bombardier beetles
  A crimson imp (D:6)
  3 hounds
  An orc priest (Zig:12)
  A gnoll bouda (D:10)
  An iguana (D:5)
  A scorpion zombie (Crypt:3)
  A sleepcap (D:8)
  10 orc wizards
  A troll simulacrum (IceCv)
  An ogre skeleton (Crypt:3)
  A sky beast zombie (Crypt:2)
  2 mummies (Zig:3)
  17 gnolls
  4 adders
  A naga simulacrum (IceCv)
  2 white imps
  2 ufetubi
  3 ribbon worms (D:2)
  4 dart slugs
  67 orcs
  2 bats
  A bat zombie (Crypt:1)
  4 endoplasms
  11 giant cockroaches (D:2)
  6 goblins
  5 hobgoblins
  10 jackals
  15 kobolds
  7 quokkas
  3 ball pythons
  2 frilled lizards (D:2)
  5 rats
  3 aspiring fleshes (Zot:4)
  4 fire vortices
2030 creatures vanquished.

Vanquished Creatures (collateral kills)
  A dread lich (Vaults:5)
  Josephina (Depths:2)
  Bai Suzhen (Crypt:2)
  2 golden dragons
  An electric golem (Zot:3)
  An Orb Guardian (Zot:5)
  2 titans (Vaults:3)
  A tentacled monstrosity (Depths:3)
  2 quicksilver dragons
  An ancient champion (Crypt:3)
  A death cob (Zot:5)
  A tengu reaver (Vaults:3)
  2 shadow dragons
  Kirke (Lair:5)
  A nagaraja (Snake:4)
  A fire giant (Vaults:3)
  A ghost moth (Zot:5)
  4 ironbound preservers
  2 reapers (Depths:2)
  2 very ugly things
  2 stone giants (Vaults:5)
  An ironbound thunderhulk (Vaults:2)
  A vampire knight (Crypt:1)
  An eleionoma (Lair:3)
  A red draconian (Depths:4)
  A white draconian (Zot:2)
  A crystal guardian (Vaults:1)
  2 jiangshi
  A great orb of eyes (Vaults:2)
  2 vault guards (Vaults:4)
  5 hydras
  Harold (D:9)
  An ice dragon (Depths:3)
  An ironbound frostheart (Vaults:4)
  A boulder beetle (Vaults:4)
  A spriggan skeleton (Depths:3)
  3 two-headed ogres
  A tengu warrior (Depths:3)
  A deep troll earth mage (Depths:3)
  4 naga warriors
  7 shock serpents
  A naga sharpshooter (Snake:4)
  2 skeletal warriors
  A golden dragon zombie (WizLab)
  A deep elf archer (Elf:1)
  A sea snake (Snake:2)
  2 deep trolls
  A swamp dragon (Swamp:1)
  A bunyip skeleton (Crypt:3)
  3 naga ritualists (Snake:4)
  Pikel (D:5)
  An ironbound convoker (Vaults:5)
  A deep elf pyromancer (Elf:1)
  A golden dragon skeleton (Crypt:3)
  3 phantasmal warriors
  A shadow dragon zombie (Crypt:2)
  2 stone giant zombies
  A naga zombie (Crypt:3)
  A salamander (Snake:2)
  5 ugly things
  Maurice (D:8)
  11 black mambas
  An elephant (Lair:5)
  A kobold blastminer (Orc:1)
  6 guardian serpents
  A moth of wrath (Vaults:3)
  2 naga magi (Snake:4)
  Maggie (D:6)
  A torpor snail (Zig:9)
  A storm dragon simulacrum (Depths:2)
  3 gargoyles
  4 cane toads
  A freezing wraith (Vaults:3)
  A rime drake (Lair:4)
  A tengu conjurer (Depths:3)
  2 komodo dragons
  2 guardian mummies (Crypt:3)
  2 yaktaurs
  A hornet (D:10)
  An iron dragon simulacrum (Crypt:3)
  A spriggan zombie (WizLab)
  2 dream sheep (Lair:3)
  11 blink frogs
  3 slime creatures
  12 yaks
  A fire elemental (Elf:2)
  2 ushabtiu (Crypt:3)
  A wyvern (Lair:4)
  A human (D:14)
  2 hogs (Lair:5)
  A vampire mosquito (Swamp:3)
  A glowing shapeshifter zombie (WizLab)
  2 swamp worms
  14 nagas
  An acid dragon (D:10)
  A water moccasin (Lair:1)
  A swamp drake (Swamp:4)
  6 orc warriors
  A black bear (Lair:5)
  A sky beast (D:7)
  A spriggan simulacrum (Depths:2)
  5 wolves
  2 laughing skulls (Crypt:3)
  2 ogres
  2 centaurs
  4 phantoms
  A lemure (D:5)
  2 kobold brigands
  3 scorpions (D:6)
  A bullfrog (Lair:4)
  4 wights
  A killer bee (D:8)
  An electric eel (Lair:3)
  2 bombardier beetles
  A lava snake (Snake:3)
  3 orc priests
  A hound (D:6)
  A gnoll bouda (D:6)
  3 iguanas
  2 orc wizards
  6 gnolls
  An adder (D:5)
  3 ufetubi
  16 orcs
  A bat (D:2)
  An endoplasm (D:2)
  3 goblins
  2 hobgoblins
  6 jackals
  A giant cockroach zombie (Crypt:2)
  4 kobolds (D:8)
  A rat (D:2)
  An aspiring flesh (Zot:4)
  A ball lightning (Elf:1)
296 creatures vanquished.

Vanquished Creatures (others)
  A nagaraja (Zig:10)
  2 ironbound preservers (Vaults:5)
  A deep elf knight (Elf:1)
  A deep elf pyromancer (Zig:1)
  A naga mage (Snake:4)
  An orange demon (Lair:2)
  A bloated husk (Swamp:1)
  A fire giant simulacrum (Depths:2)
  A water elemental (Elf:1)
  A swamp worm (Swamp:1)
  A killer bee (D:8)
  An orc wizard (Orc:2)
  266 ball lightnings
  211 fire vortices
  2 foxfires (Lair:3)
492 creatures vanquished.

Grand Total: 2818 creatures vanquished

Notes
Turn   | Place    | Note
-------+----------+-------------------------------------------
     0 | D:1      | bananaken the Djinni Hedge Wizard began the quest for the
                  | Orb.
     0 | D:1      | bananaken set off with the following spells memorised:
                  | Magic Dart, Slow, Blink, Call Imp, Mephitic Cloud.
     0 | D:1      | Reached XP level 1. HP: 15/15 MP: 0/0
   186 | D:1      | Reached XP level 2. HP: 19/21 MP: 0/0
   834 | D:2      | Reached XP level 3. HP: 25/25 MP: 0/0
   834 | D:2      | Learned a level 1 spell: Apportation
   865 | D:2      | Reached skill level 1 in Evocations
  1043 | D:2      | Reached skill level 1 in Staves
  1082 | D:2      | Identified the +0 robe of Xuzadghauq {rCorr Int+5 Dex-3}
  1124 | D:2      | Found a faded altar of an unknown god.
  1131 | D:2      | Reached XP level 4. HP: 31/31 MP: 0/0
  1185 | D:2      | Found a stormy altar of Qazlal.
  1279 | D:2      | Reached XP level 5. HP: 35/35 MP: 0/0
  1279 | D:2      | Learned a level 2 spell: Searing Ray
  1583 | D:2      | Found a runed translucent door.
  1584 | D:2      | Noticed Crazy Yiuf
  2293 | D:3      | Reached skill level 1 in Fighting
  2474 | D:3      | Found a white marble altar of Elyvilon.
  2474 | D:3      | Found a sparkling altar of Nemelex Xobeh.
  2992 | D:3      | Found a bloodstained altar of Trog.
  3310 | D:4      | Reached XP level 6. HP: 43/43 MP: 0/0
  3386 | D:4      | Found Saceac's Jewellery Shop.
  3488 | D:4      | Found a stormy altar of Qazlal.
  3536 | D:4      | Found a glowing silver altar of Zin.
  3739 | D:4      | Reached XP level 7. HP: 50/50 MP: 0/0
  3739 | D:4      | Learned a level 3 spell: Passwall
  4032 | D:5      | Entered Level 5 of the Dungeon
  4096 | D:5      | Noticed a water moccasin
  4111 | D:5      | Killed a water moccasin
  4146 | D:5      | Found Jientoc's General Store.
  4153 | D:5      | Bought a scroll of teleportation for 45 gold pieces
  4153 | D:5      | Bought a potion of curing for 45 gold pieces
  4155 | D:5      | Identified a scroll of acquirement
  4155 | D:5      | Acquired 1137 gold pieces
  4491 | D:5      | You are sucked into a shaft and drop 2 floors!
  4495 | D:7      | Noticed a hornet
  4523 | D:7      | Reached skill level 4 in Conjurations
  4533 | D:7      | Killed a hornet
  4534 | D:7      | Reached skill level 5 in Fighting
  4534 | D:7      | Reached XP level 8. HP: 42/59 MP: 0/0
  4552 | D:7      | Reached skill level 5 in Dodging
  4552 | D:7      | Reached skill level 5 in Evocations
  4615 | D:7      | Reached XP level 9. HP: 55/67 MP: 0/0
  4615 | D:7      | Learned a level 3 spell: Summon Ice Beast
  4646 | D:6      | Noticed Maggie
  4669 | D:6      | Killed Maggie
  4799 | D:6      | Noticed Grinder
  4830 | D:6      | Killed Grinder
  4867 | D:6      | Found a shimmering altar of Xom.
  5155 | D:6      | Found a burning altar of Makhleb.
  5267 | D:6      | Noticed Menkaure
  5275 | D:6      | Killed Menkaure
  5385 | D:6      | Found a shadowy altar of Dithmenos.
  5487 | D:5      | Reached XP level 10. HP: 77/77 MP: 0/0
  5659 | D:5      | Noticed Pikel
  5681 | D:5      | Killed Pikel
  5682 | D:5      | Reached skill level 5 in Staves
  5785 | D:5      | Found a staircase to the Ecumenical Temple.
  6207 | Temple   | Entered the Ecumenical Temple
  6238 | Temple   | Became a worshipper of Ashenzari the Shackled
  6406 | D:7      | Identified the +7 halberd of Iddystuj {flame, rElec rCorr
                  | Str-2 Int+3}
  7153 | D:8      | Noticed Maurice
  7165 | D:8      | Killed Maurice
  7166 | D:8      | Reached skill level 10 in Fighting
  7198 | D:8      | Noticed a deep elf pyromancer
  7199 | D:8      | Noticed a cyclops
  7201 | D:8      | Identified the +3 arbalest of the Maze {flame, Str+4}
  7211 | D:8      | Killed a meliai
  7452 | D:8      | Reached XP level 11. HP: 76/86 MP: 0/0
  7452 | D:8      | Learned a level 5 spell: Iskenderun's Battlesphere
  7735 | D:8      | Killed a deep elf pyromancer
  7858 | D:8      | Killed a cyclops
  7870 | D:8      | Reached skill level 5 in Spellcasting
  7870 | D:8      | Reached skill level 5 in Conjurations
  7870 | D:8      | Reached skill level 5 in Hexes
  7870 | D:8      | Reached skill level 5 in Summonings
  7870 | D:8      | Reached skill level 5 in Necromancy
  7870 | D:8      | Reached skill level 5 in Translocations
  7870 | D:8      | Reached skill level 5 in Fire Magic
  7870 | D:8      | Reached skill level 5 in Ice Magic
  7870 | D:8      | Reached skill level 5 in Air Magic
  7870 | D:8      | Reached skill level 5 in Earth Magic
  7870 | D:8      | Reached skill level 5 in Alchemy
  8177 | D:8      | Reached * piety under Ashenzari
  8340 | D:9      | Found a hazy altar of Hepliaklqana.
  8421 | D:9      | Found a flagged portal.
  8437 | Bailey   | Entered a bailey
  8594 | Bailey   | Identified the orb "Tebabar" {mayhem, +Inv Str-5 Int-5
                  | Summ}
  8876 | D:9      | Noticed Harold
  8894 | D:9      | Killed Harold
  8895 | D:9      | Reached skill level 6 in Conjurations
  9113 | D:9      | Found an ornate altar of the Wu Jian Council.
  9265 | D:10     | Entered Level 10 of the Dungeon
  9312 | D:10     | Found the Charlatan's Orb {orb Evoboost}
  9315 | D:10     | Noticed a two-headed ogre
  9345 | D:10     | Killed a two-headed ogre
  9401 | D:10     | Reached ** piety under Ashenzari
  9524 | D:10     | Found a staircase to the Orcish Mines.
  9531 | D:10     | Reached XP level 12. HP: 53/93 MP: 0/0
  9727 | D:10     | Reached skill level 1 in Shields
  9737 | D:10     | Reached skill level 1 in Armour
  9794 | D:10     | Found a sacrificial altar of Ru.
  9800 | D:10     | Found a staircase to the Lair.
  9930 | D:10     | Reached *** piety under Ashenzari
 10127 | D:10     | Found a one-way gate to the infinite horrors of the Abyss.
 10127 | D:10     | Identified the +9 dagger of Success {distort, rF+ rN+
                  | Dex+2}
 10127 | D:10     | Identified the +0 robe of the Planets {rCorr Str+6}
 10248 | D:10     | Found Moihovui's Antique Weapon Boutique.
 10538 | D:10     | Found a large runed translucent door.
 10538 | D:10     | Found a large runed translucent door.
 10543 | D:10     | Found a corrupted altar of Lugonu.
 10914 | Lair:1   | Entered Level 1 of the Lair of Beasts
 11085 | Lair:1   | Reached skill level 5 in Shields
 11140 | Lair:1   | Reached skill level 1 in Throwing
 11359 | Lair:1   | Reached XP level 13. HP: 97/102 MP: 0/0
 11359 | Lair:1   | Learned a level 5 spell: Silence
 11782 | Lair:2   | Found a staircase to the Snake Pit.
 11896 | Lair:2   | Reached skill level 7 in Conjurations
 12043 | Lair:2   | Noticed an eight-headed hydra
 12078 | Lair:2   | Killed an eight-headed hydra
 12193 | Lair:2   | Reached **** piety under Ashenzari
 12216 | Lair:2   | Reached skill level 10 in Shields
 12433 | Lair:2   | Noticed Amaemon
 12434 | Lair:2   | Noticed a five-headed hydra
 12449 | Lair:2   | Killed a five-headed hydra
 12496 | Lair:2   | Killed Amaemon
 12613 | Lair:1   | Reached skill level 8 in Conjurations
 12877 | Lair:2   | Reached ***** piety under Ashenzari
 13189 | Orc:1    | Entered Level 1 of the Orcish Mines
 13190 | Orc:1    | Noticed an orc warlord
 13216 | Orc:1    | Killed an orc warlord
 13542 | Orc:2    | Entered Level 2 of the Orcish Mines
 13834 | Orc:2    | Found a bloodstained altar of Trog.
 13953 | Orc:2    | Reached skill level 10 in Dodging
 13955 | Orc:2    | Reached XP level 14. HP: 86/114 MP: 0/0
 13960 | Orc:2    | Found Xaagohao's Weapon Boutique.
 13976 | Orc:2    | Found Muuleekh's Distillery.
 13976 | Orc:2    | Found Oveomp's Book Emporium.
 13978 | Orc:2    | Found Luphohea's Weapon Shoppe.
 13999 | Orc:2    | Bought a potion of haste for 120 gold pieces
 13999 | Orc:2    | Bought a potion of mutation for 96 gold pieces
 13999 | Orc:2    | Bought 2 potions of heal wounds for 120 gold pieces
 13999 | Orc:2    | Bought a potion of invisibility for 96 gold pieces
 14072 | Orc:2    | Found a staircase to the Elven Halls.
 14204 | Orc:2    | Bought the +9 battleaxe "Isuwerpho" {heavy, rElec rC++
                  | rCorr MP-9} for 1198 gold pieces
 15185 | Lair:3   | Found a staircase to the Swamp.
 15185 | Lair:3   | Noticed an eleionoma
 15193 | Lair:3   | Killed an eleionoma
 15448 | Lair:3   | Reached skill level 9 in Conjurations
 15973 | Lair:4   | Reached skill level 10 in Evocations
 16669 | Lair:4   | Identified the cursed +2 cloak of the Tethered Sun {Comp,
                  | Cun} (You took it off Maurice on level 8 of the Dungeon)
 16669 | Lair:4   | Identified the cursed +0 hat "Ensconced Stickiness" {Melee,
                  | Sorc}
 16669 | Lair:4   | Identified the cursed +1 pair of gloves "I Knew You'd Do
                  | That" {Melee, Bglg} (You found it on level 1 of the
                  | Dungeon)
 16809 | Lair:5   | Entered Level 5 of the Lair of Beasts
 16853 | Lair:5   | Found a viscous altar of Jiyva.
 16854 | Lair:5   | Found a staircase to the Slime Pits.
 17103 | Lair:5   | Reached XP level 15. HP: 112/124 MP: 0/0
 17103 | Lair:5   | Learned a level 6 spell: Gell's Gavotte
 17252 | Lair:5   | Found a runed translucent gate.
 17253 | Lair:5   | Found a runed translucent gate.
 17253 | Lair:5   | Noticed Pooter's ghost (journeyman MiBe)
 17254 | Lair:5   | Found a runed translucent gate.
 17572 | Lair:5   | Reached skill level 10 in Spellcasting
 17572 | Lair:5   | Reached skill level 10 in Conjurations
 17572 | Lair:5   | Reached skill level 10 in Hexes
 17572 | Lair:5   | Reached skill level 10 in Summonings
 17572 | Lair:5   | Reached skill level 10 in Necromancy
 17572 | Lair:5   | Reached skill level 10 in Translocations
 17572 | Lair:5   | Reached skill level 10 in Fire Magic
 17572 | Lair:5   | Reached skill level 10 in Ice Magic
 17572 | Lair:5   | Reached skill level 10 in Air Magic
 17572 | Lair:5   | Reached skill level 10 in Earth Magic
 17572 | Lair:5   | Reached skill level 10 in Alchemy
 17663 | Lair:5   | Noticed Kirke
 17673 | Lair:5   | Killed Kirke
 17957 | D:11     | Found a frozen archway.
 17983 | IceCv    | Entered an ice cave
 18969 | D:11     | Found a portal to a secret trove of treasure.
 19118 | D:11     | Noticed Lodul
 19129 | D:11     | Killed Lodul
 20073 | D:12     | Identified the +9 scimitar of the Stopping Gods {heavy,
                  | Will+ SInv}
 20073 | D:12     | Identified the +0 ring mail of Grace {Rampage}
 20073 | D:12     | Identified the +8 morningstar "Beast's Peril" {venom,
                  | +Blink Will+ Dex+3}
 20210 | D:13     | Reached skill level 5 in Armour
 20882 | D:14     | Reached XP level 16. HP: 125/130 MP: 0/0
 20952 | D:14     | Reached skill level 11 in Conjurations
 21467 | D:14     | Found a gate to the Vaults.
 22173 | D:15     | Entered Level 15 of the Dungeon
 22436 | D:15     | Identified the +6 chain mail "Facadgh" {Str+2 Stlth+}
 22550 | D:15     | Found a sparkling altar of Nemelex Xobeh.
 22620 | D:15     | Found a staircase to the Depths.
 23355 | Elf:1    | Entered Level 1 of the Elven Halls
 23549 | Elf:1    | Reached skill level 12 in Conjurations
 23716 | Elf:1    | Reached XP level 17. HP: 98/136 MP: 0/0
 23716 | Elf:1    | Learned a level 6 spell: Conjure Ball Lightning
 23731 | Elf:1    | Identified the Collected Works on Violence
 24067 | Elf:1    | Reached skill level 15 in Evocations
 24081 | Elf:1    | Reached skill level 10 in Staves
 24869 | Elf:2    | Noticed Nikola
 24894 | Elf:2    | Killed Nikola
 25068 | Elf:2    | Found Boiduips's Assorted Antiques.
 25074 | Elf:2    | Paralysed by an air elemental for 1 turns
 25080 | Elf:2    | Paralysed by an air elemental for 1 turns
 25083 | Elf:2    | Paralysed by an air elemental for 1 turns
 25099 | Elf:2    | Bought a scroll of blinking for 240 gold pieces
 25241 | Elf:2    | Found a runed translucent gate.
 25242 | Elf:2    | Found a runed translucent gate.
 25242 | Elf:2    | Found a runed translucent gate.
 25351 | Elf:3    | Entered Level 3 of the Elven Halls
 25442 | Elf:3    | Reached ****** piety under Ashenzari
 25507 | Elf:3    | Found Lakaav Rulo's Distillery.
 25517 | Elf:3    | Bought a potion of might for 64 gold pieces
 25517 | Elf:3    | Bought a potion of enlightenment for 80 gold pieces
 25517 | Elf:3    | Bought a potion of heal wounds for 80 gold pieces
 25517 | Elf:3    | Bought a potion of curing for 48 gold pieces
 25699 | Elf:3    | Identified the +0 pair of boots of the Mpinguari {Harm
                  | rPois rN++ Will-}
 26111 | Elf:3    | Paralysed by an air elemental for 1 turns
 26158 | Elf:3    | Noticed a deep elf master archer
 26176 | Elf:3    | Killed a deep elf master archer
 26177 | Elf:3    | Reached skill level 13 in Conjurations
 26261 | Elf:3    | Reached XP level 18. HP: 143/147 MP: 0/0
 26269 | Elf:3    | Noticed a deep elf master archer
 26286 | Elf:3    | Killed a deep elf master archer
 26502 | Elf:3    | Reached skill level 14 in Conjurations
 26611 | Elf:3    | Noticed a deep elf blademaster
 26629 | Elf:3    | Killed a deep elf blademaster
 26947 | Elf:3    | Identified the +1 quick blade "Bahuph" {flame, Dex+3}
 26948 | Elf:3    | Identified the staff of Bubayff Juxu {rN+ Int+2 Dex+2 Hexes
                  | Necro}
 26994 | Elf:3    | Identified the +4 war axe of the Tired Runes {heavy, rC++
                  | rCorr Int+4}
 26994 | Elf:3    | Identified the Compendium of Ruinous Sublimation
 27007 | Elf:3    | Identified the +9 dire flail of Ifukoj {drain, Fly rN++
                  | Str+3}
 27448 | Lair:5   | Killed Pooter's ghost
 27664 | D:11     | You paid a toll of 4 scrolls of blinking to enter a
                  | treasure trove
 27665 | Trove    | Entered a treasure trove
 27667 | Trove    | Identified the +1 pair of gloves of the Shishi {Fly rCorr
                  | Str+3}
 27667 | Trove    | Identified the +0 helmet "Weisuos" {rElec rC+}
 27667 | Trove    | Identified the +0 helmet "Wigaqihepp" {-Cast rN+ Stlth+}
 27667 | Trove    | Identified the +0 robe of Nemelex Xobeh's Esteem {Str+5}
 27667 | Trove    | Identified the +1 cloak "Cinul Larez" {rPois rC+ Regen+}
 27667 | Trove    | Identified the +2 buckler "Wephit" {Will+ MP+9 Dex+3}
 27668 | Trove    | Identified the scarf of Instinct {shadows, Rampage *Corrode
                  | Fly Will+ Str+2}
 27668 | Trove    | Identified the scarf "Guinn" {shadows, -Tele MP+9 Int+5}
 27668 | Trove    | Found the +0 cloak of the Thief {Quiet Slay-3 SInv Stlth+}
 27668 | Trove    | Identified the +0 scale mail of Ibaxt {Int+5}
 27935 | Swamp:1  | Entered Level 1 of the Swamp
 27935 | Swamp:1  | Noticed Roxanne
 27940 | Swamp:1  | Reached skill level 15 in Spellcasting
 27940 | Swamp:1  | Reached skill level 15 in Conjurations
 27940 | Swamp:1  | Reached skill level 15 in Hexes
 27940 | Swamp:1  | Reached skill level 15 in Summonings
 27940 | Swamp:1  | Reached skill level 15 in Necromancy
 27940 | Swamp:1  | Reached skill level 15 in Translocations
 27940 | Swamp:1  | Reached skill level 15 in Fire Magic
 27940 | Swamp:1  | Reached skill level 15 in Ice Magic
 27940 | Swamp:1  | Reached skill level 15 in Air Magic
 27940 | Swamp:1  | Reached skill level 15 in Earth Magic
 27940 | Swamp:1  | Reached skill level 15 in Alchemy
 28463 | Swamp:1  | Killed Roxanne
 28561 | Swamp:1  | Reached skill level 1 in Shapeshifting
 29130 | Swamp:2  | Identified the +0 tower shield "Judwesaq" {Dex+3}
 29130 | Swamp:2  | Noticed Louise
 29135 | Swamp:2  | Killed Louise
 29450 | Swamp:2  | Reached XP level 19. HP: 138/150 MP: 0/0
 29450 | Swamp:2  | Learned a level 7 spell: Monstrous Menagerie
 30215 | Swamp:4  | Entered Level 4 of the Swamp
 30215 | Swamp:4  | Identified the +10 long sword of Context {vamp, rCorr
                  | Dex+8}
 30387 | Swamp:4  | Reached skill level 16 in Conjurations
 30518 | Swamp:4  | Got a decaying rune of Zot
 31401 | D:4      | Bought a +6 ring of intelligence for 360 gold pieces
 31596 | Snake:1  | Entered Level 1 of the Snake Pit
 31749 | Snake:1  | Found a hazy altar of Hepliaklqana.
 32390 | Snake:2  | Reached XP level 20. HP: 108/157 MP: 0/0
 33650 | Snake:3  | Found Rigoshri's Book Emporium.
 33651 | Snake:3  | Found Xoutum's Jewellery Shop.
 33652 | Snake:3  | Found Juulul's Book Emporium.
 33665 | Snake:3  | Bought a talisman of death for 1280 gold pieces
 34417 | Snake:3  | Reached skill level 17 in Conjurations
 34548 | Snake:4  | Entered Level 4 of the Snake Pit
 35055 | Snake:4  | Found a large runed translucent door.
 35058 | Snake:4  | Found a large runed translucent door.
 35058 | Snake:4  | Noticed Zonian's ghost (adept GrEE)
 35069 | Snake:4  | Identified the +11 dagger "Saleick" {freeze, Str+4}
 35109 | Snake:4  | Identified the +8 arbalest "Ziarphye" {penet, rC+ Str+3}
 35295 | Snake:4  | Reached skill level 5 in Shapeshifting
 35351 | Snake:4  | Got a serpentine rune of Zot
 35633 | Snake:4  | Killed Zonian's ghost
 35634 | Snake:4  | Reached XP level 21. HP: 165/165 MP: 0/0
 35634 | Snake:4  | Learned a level 7 spell: Magnavolt
 35972 | Vaults:1 | Entered Level 1 of the Vaults
 36089 | Vaults:1 | Found Zaef's Armour Boutique.
 36999 | Vaults:2 | Reached skill level 18 in Conjurations
 37821 | Vaults:2 | Reached XP level 22. HP: 156/171 MP: 0/0
 38064 | Vaults:3 | Noticed a bone dragon
 38077 | Vaults:3 | Killed a bone dragon
 38109 | Vaults:3 | Found a staircase to the Crypt.
 38451 | Vaults:3 | Found Cocua's Distillery.
 38459 | Vaults:3 | Bought a potion of mutation for 136 gold pieces
 38530 | Vaults:3 | Found a runed translucent door.
 38665 | Vaults:3 | Reached skill level 10 in Shapeshifting
 38806 | Vaults:3 | Noticed zewo's ghost (adept HuEE)
 39122 | Vaults:3 | Reached skill level 19 in Conjurations
 39199 | Vaults:3 | Found the +9 staff of Olgreb {rPois∞}
 39362 | Vaults:3 | Identified the Book of Grey Ceraunoscopy
 39363 | Vaults:3 | Identified the staff of Cheese {rF++ rN+ Str-5 Conj}
 40145 | Vaults:4 | Reached XP level 23. HP: 128/168 MP: 0/0
 40145 | Vaults:4 | Learned a level 7 spell: Rimeblight
 40758 | Vaults:4 | Identified the ring "Toucvyj" {Fly rF+ Int+2 Slay+3}
 40880 | Vaults:5 | Entered Level 5 of the Vaults
 41288 | Vaults:5 | Reached skill level 20 in Conjurations
 41510 | Vaults:5 | Noticed a dread lich
 41537 | Vaults:5 | Noticed a golden dragon
 41548 | Vaults:5 | Killed a golden dragon
 41608 | Vaults:5 | Found Wamad's General Store.
 41612 | Vaults:5 | Bought a potion of haste for 160 gold pieces
 41615 | Vaults:5 | Found Sicif's Antique Armour Emporium.
 41629 | Vaults:5 | Bought a warped chain mail for 418 gold pieces
 41629 | Vaults:5 | Identified the +14 chain mail of Xom's Fury {Dex+5} (You
                  | bought it in a shop on level 5 of the Vaults)
 41678 | Vaults:5 | Found Eqeatoext's Magic Scroll Shoppe.
 41683 | Vaults:5 | Bought a scroll of fog for 44 gold pieces
 41683 | Vaults:5 | Bought a scroll of fear for 44 gold pieces
 41683 | Vaults:5 | Bought 3 scrolls of teleportation for 99 gold pieces
 41683 | Vaults:5 | Bought a scroll of vulnerability for 44 gold pieces
 41688 | Vaults:5 | Found Zefucsuc's Antique Armour Boutique.
 41688 | Vaults:5 | Noticed an ancient lich
 41694 | Vaults:5 | Killed an ancient lich
 41695 | Vaults:5 | Reached XP level 24. HP: 121/172 MP: 0/0
 41700 | Vaults:5 | Bought a polished robe for 176 gold pieces
 41700 | Vaults:5 | Identified the +0 robe of Sif Muna's Envy {Archmagi} (You
                  | bought it in a shop on level 5 of the Vaults)
 41927 | Vaults:5 | Noticed a golden dragon
 41932 | Vaults:5 | Killed a golden dragon
 42010 | Vaults:5 | Killed a dread lich
 42242 | Vaults:5 | Found Wiunyj's Magic Scroll Shoppe.
 42247 | Vaults:5 | Bought 3 scrolls of acquirement for 1872 gold pieces
 42247 | Vaults:5 | Bought a scroll of teleportation for 36 gold pieces
 42247 | Vaults:5 | Bought a scroll of teleportation for 36 gold pieces
 42247 | Vaults:5 | Bought a scroll of vulnerability for 48 gold pieces
 42253 | Vaults:5 | Acquired 1140 gold pieces
 42263 | Vaults:5 | Acquired a manual of Staves
 42267 | Vaults:5 | Acquired the dreamshard necklace {Acrobat *Dream}
 42267 | Vaults:5 | Found the dreamshard necklace {Acrobat *Dream}
 42281 | Vaults:5 | Noticed a golden dragon
 42287 | Vaults:5 | Killed a golden dragon
 42370 | Vaults:5 | Found Forutobe's Magic Scroll Boutique.
 42374 | Vaults:5 | Bought a scroll of acquirement for 884 gold pieces
 42374 | Vaults:5 | Acquired the ring "Onwisifa" {EV+5 Int+3}
 42466 | Vaults:5 | Found Fuoq's Magic Scroll Shoppe.
 42470 | Vaults:5 | Bought a scroll of blinking for 142 gold pieces
 42477 | Vaults:5 | Bought a scroll of blinking for 127 gold pieces
 42807 | Vaults:5 | Found Ogusit's Assorted Antiques.
 42821 | Vaults:5 | Bought a twisted soapstone amulet for 155 gold pieces
 42821 | Vaults:5 | Bought a potion of haste for 310 gold pieces
 42853 | Vaults:5 | Found Morcha's Magic Scroll Emporium.
 42858 | Vaults:5 | Bought a scroll of acquirement for 624 gold pieces
 42858 | Vaults:5 | Acquired a manual of Dodging
 42902 | Vaults:5 | Found Dodoav's Magic Scroll Boutique.
 42907 | Vaults:5 | Got a silver rune of Zot
 42915 | Vaults:5 | Bought a scroll of blinking for 172 gold pieces
 43124 | Vaults:1 | Bought the +3 hat of Pondering {ponderous, Will+ MP+10
                  | Int+5} for 495 gold pieces
 43124 | Vaults:1 | Found the +3 hat of Pondering {ponderous, Will+ MP+10
                  | Int+5}
 43248 | Depths:1 | Entered Level 1 of the Depths
 43270 | Depths:1 | Found a runed translucent gate.
 43270 | Depths:1 | Found a runed translucent gate.
 43270 | Depths:1 | Found a runed translucent gate.
 43270 | Depths:1 | Found a runed translucent gate.
 43270 | Depths:1 | Found a runed translucent gate.
 43270 | Depths:1 | Found a runed translucent gate.
 43270 | Depths:1 | Found the +2 Maxwell's thermic engine {flame, freeze, rev}
 43293 | Depths:1 | Found Leusuhaus's Antique Weapon Shoppe.
 43313 | Depths:1 | Found Viahaura's Armour Shoppe.
 43350 | Depths:1 | Found a one-way gate leading to the halls of Pandemonium.
 43471 | Depths:1 | Found a gateway to Hell.
 43616 | Depths:1 | Found a blossoming altar of Fedhas.
 43623 | Depths:1 | Reached skill level 21 in Conjurations
 44286 | Depths:2 | Found a magical portal.
 44310 | WizLab   | Entered Doroklohe's Tomb
 44474 | WizLab   | Identified the cursed quicksilver dragon scales of the
                  | Unyielding Gaze {Will+, Cun, Range} (You found it on level
                  | 3 of the Vaults)
 44477 | WizLab   | Noticed a royal mummy
 44496 | WizLab   | Killed a royal mummy
 44497 | WizLab   | Reached XP level 25. HP: 92/181 MP: 0/0
 44497 | WizLab   | Learned a level 8 spell: Borgnjor's Revivification
 44718 | WizLab   | Acquired 542 gold pieces
 44769 | Depths:2 | Acquired a manual of Conjurations
 44773 | Depths:2 | Acquired the ring of the Unkillable {rElec Will+ EV+5}
 44930 | Depths:2 | Reached skill level 15 in Shapeshifting
 44976 | Depths:2 | Identified the ring "Emoyffa" {Ice rElec Str+2 Dex+2}
 44976 | Depths:2 | Noticed Josephina
 44983 | Depths:2 | Killed Josephina
 45561 | Depths:3 | Noticed Grunn
 45563 | Depths:3 | Reached skill level 15 in Dodging
 45566 | Depths:3 | Killed Grunn
 45732 | Depths:3 | Found Kiqyeg's Book Boutique.
 45875 | Depths:3 | Noticed a juggernaut
 45884 | Depths:3 | Killed a juggernaut
 45979 | Depths:3 | Noticed a caustic shrike
 45983 | Depths:3 | Killed a caustic shrike
 46569 | Depths:4 | Entered Level 4 of the Depths
 46748 | Depths:4 | Found a runed translucent door.
 46749 | Depths:4 | Noticed Chish's ghost (veteran GnFE)
 46870 | Depths:4 | Identified the orb "Woilusic" {light, rElec rN+ Str+3 SInv}
 46870 | Depths:4 | Noticed Frederick
 47083 | Depths:4 | Reached XP level 26. HP: 176/176 MP: 0/0
 47150 | Depths:4 | Killed Frederick
 47615 | Depths:4 | Found a gate to the Realm of Zot.
 47714 | Depths:4 | Found a one-way gateway to a ziggurat.
 47813 | Zig:1    | Entered Level 1 of a ziggurat
 47822 | Zig:1    | Paralysed by an air elemental for 1 turns
 47878 | Zig:2    | Entered Level 2 of a ziggurat
 47901 | Zig:3    | Entered Level 3 of a ziggurat
 47936 | Zig:4    | Entered Level 4 of a ziggurat
 47962 | Zig:5    | Entered Level 5 of a ziggurat
 47967 | Zig:5    | Noticed a dread lich
 47974 | Zig:5    | Killed a dread lich
 47997 | Zig:6    | Entered Level 6 of a ziggurat
 48002 | Zig:6    | Identified the +0 plate armour "Lank" {Rampage Will+
                  | Slay+6}
 48004 | Zig:6    | Identified the +4 great sword of Teyjuonk {freeze, Fly
                  | rCorr Dex+3}
 48046 | Zig:6    | Gained mutation: Your muscles are strong. (Str +4, Int/Dex
                  | -1) [potion of mutation]
 48046 | Zig:6    | Gained mutation: You sometimes lose your temper in combat.
                  | [potion of mutation]
 48046 | Zig:6    | Gained mutation: You do not regenerate when monsters are
                  | visible. [potion of mutation]
 48047 | Zig:6    | Lost mutation: Your muscles are strong. (Str +4, Int/Dex
                  | -1) [potion of mutation]
 48047 | Zig:6    | Lost mutation: You do not regenerate when monsters are
                  | visible. [potion of mutation]
 48047 | Zig:6    | Lost mutation: You sometimes lose your temper in combat.
                  | [potion of mutation]
 48047 | Zig:6    | Gained mutation: You have hidden genetic defects. [potion
                  | of mutation]
 48048 | Zig:6    | Lost mutation: You have hidden genetic defects. [potion of
                  | mutation]
 48048 | Zig:6    | Gained mutation: You occasionally lose the ability to drink
                  | potions when taking damage. [potion of mutation]
 48048 | Zig:6    | Gained mutation: Your muscles are strong. (Str +4, Int/Dex
                  | -1) [potion of mutation]
 48048 | Zig:6    | Gained mutation: Your skin changes colour to match your
                  | surroundings (Stealth+). [potion of mutation]
 48049 | Zig:6    | Lost mutation: You occasionally lose the ability to drink
                  | potions when taking damage. [potion of mutation]
 48049 | Zig:6    | Lost mutation: Your skin changes colour to match your
                  | surroundings (Stealth+). [potion of mutation]
 48049 | Zig:6    | Lost mutation: Your muscles are strong. (Str +4, Int/Dex
                  | -1) [potion of mutation]
 48049 | Zig:6    | Gained mutation: You have a somewhat thin skeletal
                  | structure. (Dex +2, Stealth+) [potion of mutation]
 48049 | Zig:6    | Gained mutation: You expend health (3 HP) to strengthen
                  | your wands. [potion of mutation]
 48049 | Zig:6    | Gained mutation: You possess an exceptional clarity of
                  | mind. [potion of mutation]
 48059 | Zig:7    | Entered Level 7 of a ziggurat
 48065 | Zig:7    | Identified the +0 eveningstar "Death Rattle" {holy, rN+
                  | Str+2 Dex+5}
 48103 | Zig:8    | Entered Level 8 of a ziggurat
 48189 | Zig:8    | Acquired 853 gold pieces
 48193 | Zig:8    | Acquired 1020 gold pieces
 48203 | Zig:9    | Entered Level 9 of a ziggurat
 48293 | Zig:10   | Entered Level 10 of a ziggurat
 48299 | Zig:10   | Identified the +2 chain mail "Tixekk" {rC+++ Will- Regen+
                  | MP+9}
 48307 | Zig:10   | Identified the +0 war axe "Qoqood" {flame, +Blink rPois
                  | Str-2 Int+4}
 48399 | Zig:11   | Entered Level 11 of a ziggurat
 48547 | Zig:12   | Entered Level 12 of a ziggurat
 48573 | Zig:12   | Identified the +0 chain mail "Tocsuc" {Harm Fly Int+3}
 48580 | Zig:12   | Identified the ring of Vuxoerut {MP+9 Int+2 Dex+2 Slay+4}
 48580 | Zig:12   | Identified the +2 buckler of Distant Worlds {^Contam rPois
                  | rN+++ Stlth-}
 48580 | Zig:12   | Identified Tuova's Grimoire of Immolation
 48581 | Zig:12   | Identified the Handbook of the Nocuous Fjord
 48582 | Zig:12   | Found the +27 heavy crossbow "Sniper" {heavy, Acc+∞ SInv}
 48618 | Zig:12   | Reached XP level 27. HP: 186/186 MP: 0/0
 48618 | Zig:12   | Learned a level 9 spell: Fire Storm
 48651 | Zig:13   | Entered Level 13 of a ziggurat
 48658 | Zig:13   | Reached skill level 15 in Fighting
 48672 | Zig:13   | Identified the +1 orcbow of Uneemnet {freeze, rN+}
 48672 | Zig:13   | Identified the +4 longbow of the Scavenger {heavy, rCorr
                  | Str+3 Dex-5}
 48752 | Zig:14   | Entered Level 14 of a ziggurat
 48758 | Zig:14   | Noticed a dread lich
 48762 | Zig:14   | Noticed a dread lich
 48768 | Zig:14   | Killed a dread lich
 48768 | Zig:14   | Killed a dread lich
 48771 | Zig:14   | Reached skill level 22 in Conjurations
 48799 | Zig:14   | Identified the +6 plate armour "Fuxaov Xesh" {rC+ MP-9
                  | Int+2 SInv}
 48799 | Zig:14   | Identified the Catalogue of Force
 48800 | Zig:14   | Identified the +2 helmet of Resonance {Fly rPois Str-4
                  | Int+5}
 48801 | Zig:14   | Identified the staff "Hubutuph" {rElec rC+ rCorr Dex-5 Tloc
                  | Ice}
 48860 | Zig:15   | Entered Level 15 of a ziggurat
 49235 | Crypt:1  | Entered Level 1 of the Crypt
 49638 | Crypt:1  | Noticed Mennas
 49783 | Crypt:1  | Killed Mennas
 50180 | Crypt:2  | Noticed Bai Suzhen
 50183 | Crypt:2  | Killed Bai Suzhen
 50213 | Crypt:2  | Acquired a manual of Armour
 50789 | Crypt:3  | Entered Level 3 of the Crypt
 50815 | Crypt:3  | Reached skill level 15 in Shields
 50857 | Crypt:3  | Reached skill level 10 in Armour
 51306 | Crypt:3  | Identified the amulet "Lentaco" {Regen+ Dex+4}
 51307 | Crypt:3  | Found a basalt altar of Yredelemnul.
 51307 | Crypt:3  | Identified the amulet "Nodelo Moimi" {Rampage Regen+ Int+4}
 51423 | Crypt:3  | Identified the staff of Sudius {rElec rPois rN+ Necro}
 51751 | Crypt:3  | Identified the +6 shortbow "Izeuqem" {flame, rElec Str-3
                  | Int+4}
 51987 | Crypt:3  | Found a basalt altar of Yredelemnul.
 51994 | Crypt:3  | Identified the +2 leather armour of Infinity {Regen+ rCorr
                  | Int+3}
 52175 | Crypt:3  | Found a staircase to the Tomb.
 52718 | Zot:1    | Entered Level 1 of the Realm of Zot
 52921 | Zot:1    | Reached skill level 23 in Conjurations
 53124 | Zot:1    | Identified the +7 spear "Peifeo" {freeze, rF++}
 53449 | Zot:1    | Lost mutation: You possess an exceptional clarity of mind.
                  | [potion of mutation]
 53449 | Zot:1    | Lost mutation: You expend health (3 HP) to strengthen your
                  | wands. [potion of mutation]
 53449 | Zot:1    | Gained mutation: You are very vulnerable to cold. (rC--)
                  | [potion of mutation]
 53449 | Zot:1    | Gained mutation: Your mind is acute. (Int +4, Str/Dex -1)
                  | [potion of mutation]
 53449 | Zot:1    | Gained mutation: Armour fits poorly on your strangely
                  | shaped body. [potion of mutation]
 53449 | Zot:1    | Gained mutation: You are partially covered in iridescent
                  | scales. (AC +2) [potion of mutation]
 53450 | Zot:1    | Lost mutation: You are partially covered in iridescent
                  | scales. (AC +2) [potion of mutation]
 53450 | Zot:1    | Lost mutation: You have a somewhat thin skeletal structure.
                  | (Dex +2, Stealth+) [potion of mutation]
 53450 | Zot:1    | Gained mutation: You passively dampen the noise of your
                  | surroundings. [potion of mutation]
 53450 | Zot:1    | Gained mutation: Your mind is very acute. (Int +8, Str/Dex
                  | -2) [potion of mutation]
 53460 | Zot:1    | Lost mutation: Armour fits poorly on your strangely shaped
                  | body. [potion of mutation]
 53460 | Zot:1    | Lost mutation: Your mind is very acute. (Int +8, Str/Dex
                  | -2) [potion of mutation]
 53460 | Zot:1    | Gained mutation: You are strong-willed. (Will+) [potion of
                  | mutation]
 53460 | Zot:1    | Gained mutation: You are highly strong-willed. (Will++)
                  | [potion of mutation]
 53461 | Zot:1    | Lost mutation: You passively dampen the noise of your
                  | surroundings. [potion of mutation]
 53461 | Zot:1    | Lost mutation: You are very vulnerable to cold. (rC--)
                  | [potion of mutation]
 53461 | Zot:1    | Gained mutation: Armour fits poorly on your strangely
                  | shaped body. [potion of mutation]
 53461 | Zot:1    | Gained mutation: You are partially covered in iridescent
                  | scales. (AC +2) [potion of mutation]
 53462 | Zot:1    | Lost mutation: You are highly strong-willed. (Will++)
                  | [potion of mutation]
 53462 | Zot:1    | Lost mutation: You are strong-willed. (Will+) [potion of
                  | mutation]
 53462 | Zot:1    | Lost mutation: Your mind is acute. (Int +4, Str/Dex -1)
                  | [potion of mutation]
 53462 | Zot:1    | Gained mutation: You are frail. (-10% HP) [potion of
                  | mutation]
 53462 | Zot:1    | Gained mutation: You are partially covered in large bone
                  | plates. (SH +4) [potion of mutation]
 53463 | Zot:1    | Lost mutation: You are partially covered in iridescent
                  | scales. (AC +2) [potion of mutation]
 53463 | Zot:1    | Lost mutation: You are frail. (-10% HP) [potion of
                  | mutation]
 53463 | Zot:1    | Gained mutation: You are frail. (-10% HP) [potion of
                  | mutation]
 53463 | Zot:1    | Gained mutation: You have hidden genetic potential. [potion
                  | of mutation]
 53464 | Zot:1    | Lost mutation: You are frail. (-10% HP) [potion of
                  | mutation]
 53464 | Zot:1    | Lost mutation: Armour fits poorly on your strangely shaped
                  | body. [potion of mutation]
 53464 | Zot:1    | Lost mutation: You have hidden genetic potential. [potion
                  | of mutation]
 53464 | Zot:1    | Gained mutation: You expend health (3 HP) to strengthen
                  | your wands. [potion of mutation]
 53464 | Zot:1    | Gained mutation: Your mind is acute. (Int +4, Str/Dex -1)
                  | [potion of mutation]
 54304 | Zot:3    | Reached skill level 15 in Armour
 54374 | Zot:3    | Noticed a dread lich
 54377 | Zot:3    | Killed a dread lich
 54604 | Zot:3    | Noticed Vv
 54614 | Zot:3    | Killed Vv
 54853 | Zot:3    | Noticed an orb of fire
 54964 | Zot:3    | Killed an orb of fire
 56356 | Zot:4    | Reached skill level 24 in Conjurations
 56760 | Zot:4    | Identified the +4 ring mail of the Disturbing Dances {rF-
                  | rC+ Dex+3 SInv}
 56891 | Zot:4    | Reached skill level 5 in Throwing
 57467 | Zot:5    | Entered Level 5 of the Realm of Zot
 57629 | Zot:5    | Identified the Teachings on Mortuary Movement
 58015 | Zot:5    | Noticed an ancient lich
 58015 | Zot:5    | Noticed a dread lich
 58016 | Zot:5    | Noticed an ancient lich
 58017 | Zot:5    | Killed a dread lich
 58017 | Zot:5    | Killed an ancient lich
 58028 | Zot:5    | Killed an ancient lich
 58060 | Zot:5    | Noticed a Killer Klown
 58066 | Zot:5    | Killed a Killer Klown
 58067 | Zot:5    | Noticed an orb of fire
 58072 | Zot:5    | Killed an orb of fire
 58083 | Zot:5    | Noticed a dread lich
 58087 | Zot:5    | Killed a dread lich
 58100 | Zot:5    | Noticed an orb of fire
 58108 | Zot:5    | Killed an orb of fire
 58125 | Zot:5    | Noticed a Killer Klown
 58129 | Zot:5    | Killed a Killer Klown
 58139 | Zot:5    | Noticed a Killer Klown
 58142 | Zot:5    | Killed a Killer Klown
 58144 | Zot:5    | Noticed a Killer Klown
 58146 | Zot:5    | Killed a Killer Klown
 58147 | Zot:5    | Reached skill level 10 in Throwing
 58280 | Zot:5    | Noticed a Killer Klown
 58288 | Zot:5    | Killed a Killer Klown
 58446 | Zot:5    | Got the Orb of Zot
 59181 | D:$      | Escaped with the Orb!

Illustrated notes

Levels and vault maps discovered:
D:1:      minmay_arrival_doors, layout_loops_ring, hex_tiny, minmay_pentomino_z4
D:2:      minmay_roachtagon, layout_loops_ring,
          hellmonk_ecumenical_altar_blasted, basic_altar,
          uniq_crazy_yiuf_cottage
D:3:      layout_basic, trog_butcher_becter, gammafunk_temple_overflow_statue
D:4:      layout_loops_corners, mainiacjoe_overflow_catch_the_wave,
          serial_shops, shop
D:5:      layout_basic, temple_hall, serial_shops,
          nicolae_shop_pleasant_corner_grove, uniq_pikel
D:6:      layout_gridville, grunt_temple_overflow_champion_of_chaos,
          mainiacjoe_overflow_surrounded_room, minmay_misc_feat_enclosed,
          minmay_misc_feat_tiny, uniq_maggie, uniq_menkaure, uniq_grinder
D:7:      minmay_clustersquares, layout_loops_ring
D:8:      layout_layer_cave, mainiacjoe_overflow_alcove_4, nicolae_doodle_vault,
          uniq_maurice
D:9:      layout_roguey, nzn_wu_jian_contemplation,
          mainiacjoe_overflow_chevrons, lightli_bailey_entry_fortress,
          uniq_harold
D:10:     due_chaos_kobolds, layout_stronghold, nicolae_ru_path_of_blood,
          kennysheep_orc_monster_closet_entryway, serial_shops, shop,
          minmay_mirror_moons_of_madness
D:11:     layout_gridville, nicolae_trove_entry_free_sample,
          portal_ice_cave_entry_pillars_1, dreamdust_mushroom_princess,
          uniq_lodul
D:12:     layout_irregular_city, lemuel_flamethrower_hall
D:13:     layout_gridville, serial_library_hellmonk_double_dead_end
D:14:     layout_basic, hellmonk_vaults_keyhole, nicolae_fountain_basement
D:15:     hangedman_depths_entry_try_elsewhere_first, layout_irregular_city,
          basic_altar
Temple:   cyrus_temple_forest
Lair:1:   layout_regular_city
Lair:2:   layout_layer_cave, guppyfry_snake_entry_island,
          chequers_serial_rivers_room_a, nicolae_quartered_pool_little,
          infiniplex_staircase_pool_2, uniq_amaemon
Lair:3:   layout_gridlike, alex1729_swamp_entry_worm_eleionoma, serial_bayou,
          serial_bayou_pond_c, serial_bayou_ford_a, serial_bayou_shore_b,
          serial_bayou_shore_b, grunt_megastairs_4, serial_bayou_shore_b
Lair:4:   layout_long_grid, grunt_megastairs_2
Lair:5:   grunt_lair_end_beastmaster, layout_misc_corridors, slime_entry_1,
          gammafunk_ghost_hydra_chop, grunt_megastairs_5, uniq_kirke
Swamp:1:  layout_basic_swamp, evilmike_swamp_ruin_house_4, uniq_roxanne
Swamp:2:  nicolae_swamp_standing_stones, layout_basic_swamp,
          nicolae_swamp_stuck_in_the_mud, swamp_pool_1_2,
          hangedman_swamp_blocks, uniq_louise
Swamp:3:  layout_falls_marsh, nicolae_swamp_ascending_descending,
          infiniplex_staircase_pool
Swamp:4:  swamp, layout_basic_swamp, nicolae_swamp_long_stream
Snake:1:  layout_concentric_octagons, basic_altar
Snake:2:  nicolae_sea_snake_s, layout_layer_cave, nicolae_zig_zag_zippers
Snake:3:  layout_basic, minmay_shop_grove
Snake:4:  hellmonk_snake_rune_quicksilver_temple, layout_cave_town,
          ebering_ghost_disaster_area
Orc:1:    layout_caves, nicolae_orc_stalacmites
Orc:2:    st_orc_rangers, layout_caves, basic_altar
Elf:1:    layout_geoelf_grid, minmay_elf_annihilation,
          amcnicky_mini_rare_corridor_liquid, hangedman_elven_ridges,
          david_defended_altar_elf, lemuel_upstairs_altar
Elf:2:    nicolae_elf_blades_crystal_corner, layout_geoelf_grid, serial_shops,
          nicolae_shop_peninsula, uniq_nikola
Elf:3:    minmay_elf_hall_four_x, layout_geoelf_octagon, serial_shops, shop,
          minmay_misc_feat_diagonals, st_stairs_10,
          serial_library_hellmonk_small_alcove
Vaults:1: ontoclasm_vaults_tryst, nicolae_vaults_double_plus_1,
          vaults_room_hangedman_quadrants, v_alt_pattern_6, v_misc_33,
          nicolae_vaults_layer_cake_slice, hangedman_vaults_locks,
          layout_vaults_big_room, serial_shops, nicolae_shop_tiny_glass
Vaults:2: nicolae_vaults_trapezoid_lopsided_2, hangedman_vaults_stagger, st_eye,
          v_misc_5, nicolae_vaults_angled_halls, nicolae_vaults_theta,
          hangedman_vaults_nails, nicolae_vaults_big_ls, hangedman_vaults_trim,
          lightli_orcish_oven, layout_vaults_maze, serial_glass
Vaults:3: ebering_ghost_reflecting_pool, nicolae_vaults_hexular_roomagon,
          minmay_crypt_entry_nasty_monster,
          nicolae_vaults_offset_grid_hallway_3,
          nicolae_vaults_doubleplus_tesselated, st_greater_box_3,
          nicolae_vaults_alarming, nicolae_vaults_storage_room_glass, v_misc_22,
          nicolae_vaults_rhombus_6, hangedman_vaults_maws, v_misc_13,
          ontoclasm_vaults_shuriken, layout_vaults_omnicross,
          serial_magic_research, serial_shops, nicolae_shop_peninsula
Vaults:4: nicolae_vaults_trapezoid_layered, vaults_mumra_chevron_long,
          v_misc_12, v_misc_11, nicolae_vaults_border_crossing,
          nicolae_vaults_trapezoid_2, serial_ice_h, v_misc_8, v_misc_13,
          vaults_mumra_hex, nicolae_vaults_double_plus_1, minmay_orc_keep,
          layout_vaults_omnigrid
Vaults:5
Crypt:1:  layout_basic, uniq_mennas
Crypt:2:  layout_misc_corridors, uniq_bai_suzhen
Crypt:3:  lightli_unholy_cathedral, layout_chaotic_city,
          tomb_entry_pyramid_bobbens, hangedman_crypt_dual_shrines
Depths:1: layout_gridlike, rand_demon_pan_entry_8, pf_coc_iceberg,
          fedhas_altar_2, kennysheep_flooded_box,
          brannock_guarded_unrand_thermic_engine, minmay_shop_star
Depths:2: minmay_slanted_spiral_squares, layout_long_grid, pan_entry,
          abyss_entry_crystal, hell_entry, lightli_enter_wizlab_magi_temple,
          minmay_misc_feat_doors, kennysheep_cluttered_room, uniq_josephina
Depths:3: cell_vault, layout_cave_pools, serial_shops, shop,
          regret_index_abyss_entry_already_here, hell_entry,
          kennysheep_nondescript, infiniplex_staircase_x, uniq_grunn
Depths:4: grunt_zot_entry_hairpin, layout_small_grid, enter_ziggurat_d,
          hell_entry, chequers_serial_rivers_small_3,
          ebering_ghost_reflecting_pool, minmay_misc_feat_more_columns,
          uniq_frederick
Zot:1:    layout_gridlike
Zot:2:    layout_onion_interference, bh_zot_ikea_curve, st_stairs_9
Zot:3:    layout_gridlike, lemuel_lich_library, uniq_vv
Zot:4:    cheibrodos_frozen_isle, layout_cathedral_of_symmetry,
          regret_index_zotdec_banners
Zot:5:    layout_misc_corridors

Skill      XL: |  1  2  3  4  5  6  7  8  9 10 11 12 13 14 15 16 17 18 19 20 21 22 23 24 25 26 27 |
---------------+----------------------------------------------------------------------------------+-----
Evocations     | 1 2 3 4 5 6 8 11 13 14 15 | 15.0
Staves         | 1 2 3 4 6 9 11 13 14 | 14.0
Fighting       | 2 3 5 6 8 10 12 13 14 16 | 16.8
Dodging        | 3 4 5 7 8 10 11 13 17 18 | 18.7
Spellcasting   | 4 6 8 9 10 12 13 15 16 17 18 19 20 21 23 | 23.2
Conjurations   | 4 6 8 9 10 12 13 15 16 17 18 19 20 21 24 | 24.9
Hexes          | 4 6 8 9 10 12 13 15 16 17 18 19 20 21 23 | 23.2
Summonings     | 4 6 8 9 10 12 13 15 16 17 18 19 20 21 23 | 23.2
Necromancy     | 4 6 8 9 10 12 13 15 16 17 18 19 20 21 23 | 23.2
Translocations | 4 6 8 9 10 12 13 15 16 17 18 19 20 21 23 | 23.2
Fire Magic     | 4 6 8 9 10 12 13 15 16 17 18 19 20 21 23 | 23.2
Ice Magic      | 4 6 8 9 10 12 13 15 16 17 18 19 20 21 23 | 23.2
Air Magic      | 4 6 8 9 10 12 13 15 16 17 18 19 20 21 23 | 23.2
Earth Magic    | 4 6 8 9 10 12 13 15 16 17 18 19 20 21 23 | 23.2
Alchemy        | 4 6 8 9 10 12 13 15 16 17 18 19 20 21 23 | 23.2
Shields        | 7 11 13 14 18 | 18.3
Armour         | 2 5 7 16 | 16.9
Throwing       | 2 10 | 10.5
Shapeshifting  | 1 5 9 11 13 14 16 19 20 | 20.4
Stealth        | |  1.5
Unarmed Combat | |  0.6

Action                     |  1- 3 |  4- 6 |  7- 9 | 10-12 | 13-15 | 16-18 | 19-21 | 22-24 | 25-27 || total
---------------------------+-------+-------+-------+-------+-------+-------+-------+-------+-------++-------
  Melee: Dagger            |     2 |       |       |       |       |       |       |       |       ||     2
         Staff             |    52 |    78 |   135 |   384 |   502 |   619 |   506 |   510 |  1100 ||  3886
         Unarmed           |       |       |     1 |       |       |       |       |       |       ||     1
   Cast: Magic Dart        |    66 |    79 |    22 |   129 |   345 |    46 |       |       |       ||   687
         Call Imp          |     4 |     9 |    13 |     3 |     8 |     3 |       |       |       ||    40
         Mephitic Cloud    |       |     6 |    12 |    73 |   116 |    78 |       |       |     1 ||   286
         Searing Ray       |       |     5 |     9 |     3 |     7 |     4 |       |       |       ||    28
         Blink             |       |     1 |       |     1 |     2 |     4 |     1 |     4 |     7 ||    20
         Slow              |       |       |     7 |     2 |       |       |       |       |       ||     9
         Summon Ice Beast  |       |       |    18 |    50 |    92 |    38 |    10 |       |       ||   208
         Iskenderun's Batt |       |       |       |    21 |    86 |    12 |     1 |       |       ||   120
         Passwall          |       |       |       |       |     1 |       |       |       |       ||     1
         Gell's Gavotte    |       |       |       |       |    10 |    81 |    12 |     4 |    37 ||   144
         Conjure Ball Ligh |       |       |       |       |       |    35 |    72 |     1 |     4 ||   112
         Silence           |       |       |       |       |       |     2 |       |     1 |       ||     3
         Monstrous Menager |       |       |       |       |       |       |    84 |    63 |    49 ||   196
         Magnavolt         |       |       |       |       |       |       |   128 |   209 |   243 ||   580
         Rimeblight        |       |       |       |       |       |       |       |    20 |    52 ||    72
         Borgnjor's Revivi |       |       |       |       |       |       |       |       |     1 ||     1
         Fire Storm        |       |       |       |       |       |       |       |       |   255 ||   255
         Apportation       |       |       |       |       |       |       |       |       |     1 ||     1
 Invoke: Curse Item        |       |       |       |     4 |     6 |     4 |     3 |     3 |     4 ||    24
         Shatter the Chain |       |       |       |       |     3 |     3 |     2 |     5 |     2 ||    15
Ability: Evoke the Staff o |       |       |       |       |       |       |       |    16 |     2 ||    18
         Begin Untransform |       |       |       |       |       |       |       |     2 |     2 ||     4
         Siphon Essence    |       |       |       |       |       |       |       |       |     2 ||     2
  Evoke: Wand              |       |       |       |     3 |    19 |     8 |     2 |       |    12 ||    44
         Gell's gravitambo |       |       |       |       |       |       |       |     4 |     4 ||     8
    Use: Scroll            |       |     3 |     6 |     3 |     6 |     3 |     8 |    12 |    26 ||    67
         Potion            |       |       |     1 |       |     1 |     3 |       |    13 |    30 ||    48
   Stab: Confused          |       |     5 |     2 |    20 |    28 |    44 |     1 |     1 |     3 ||   104
         Sleeping          |       |     1 |       |     1 |       |     1 |     2 |     1 |     4 ||    10
         Distracted        |       |     1 |     1 |     2 |     2 |     2 |     7 |    15 |    10 ||    40
         Paralysed         |       |       |       |       |       |       |    10 |     2 |     5 ||    17
         Invisible         |       |       |       |       |       |       |       |       |     1 ||     1
 Armour: Robe              |    38 |    55 |    95 |   229 |   217 |       |       |       |       ||   634
         Skin              |       |       |       |       |    15 |       |       |   191 |   370 ||   576
         Ring mail         |       |       |       |       |   152 |   397 |   385 |    31 |       ||   965
         Quicksilver drago |       |       |       |       |       |       |       |   144 |   167 ||   311
  Dodge: Dodged            |    53 |    64 |    93 |   257 |   342 |   158 |   138 |   184 |   567 ||  1856
  Block: Buckler           |       |       |       |    12 |   154 |    23 |       |       |       ||   189
         Kite shield       |       |       |       |       |       |   274 |   159 |       |       ||   433
         Tower shield      |       |       |       |       |       |       |   333 |   736 |  1437 ||  2506
   Form: Statue            |       |       |       |       |       |       |       |     2 |     3 ||     5
         Death             |       |       |       |       |       |       |       |     1 |     5 ||     6
                           |       |       |       |       |       |       |       |       |     2 ||     2

Table legend: (Time is in decaauts)
 A = Elapsed time spent in this place.
 B = Non-inter-level travel time spent in this place.
 C = Inter-level travel time spent in this place.
 D = Time resting spent in this place.
 E = Time spent auto-exploring this place.
 F = Levels seen in this place.
 G = Mean time per level.
                   A        B        C        D        E       F      G
               +--------+--------+--------+--------+--------+-----+--------+
         Total |  63809 |  55954 |   7855 |   4113 |  34599 |  70 |  911.6 |
       Dungeon |  17056 |  13750 |   3306 |    231 |  10141 |  15 | 1137.1 |
        Temple |     61 |      2 |     59 |      0 |      0 |   1 |   61.0 |
          Lair |   6248 |   5155 |   1093 |    426 |   3324 |   5 | 1249.6 |
         Swamp |   2726 |   2590 |    136 |    235 |   1578 |   4 |  681.5 |
     Snake Pit |   4096 |   3884 |    212 |    178 |   2704 |   4 | 1024.0 |
  Orcish Mines |   1450 |   1252 |    198 |    213 |    713 |   2 |  725.0 |
   Elven Halls |   3754 |   3499 |    255 |    596 |   1510 |   3 | 1251.3 |
        Vaults |   7777 |   7278 |    499 |    847 |   4180 |   5 | 1555.4 |
         Crypt |   3704 |   3560 |    144 |    174 |   2381 |   3 | 1234.7 |
        Depths |   7529 |   6202 |   1327 |    372 |   4188 |   4 | 1882.2 |
           Zot |   5831 |   5210 |    621 |    349 |   3351 |   5 | 1166.2 |
      Ziggurat |   1783 |   1783 |      0 |    252 |    195 |  15 |  118.9 |
         Trove |     92 |     92 |      0 |      0 |      0 |   1 |   92.0 |
        Bailey |    337 |    337 |      0 |      0 |    133 |   1 |  337.0 |
      Ice Cave |    702 |    702 |      0 |    209 |     28 |   1 |  702.0 |
        Wizlab |    654 |    654 |      0 |     28 |    171 |   1 |  654.0 |
               +--------+--------+--------+--------+--------+-----+--------+

Top non-repeatable levels by time:
Depths:4: 2363 daAuts
Vaults:5: 2312 daAuts
    D:10: 2062 daAuts
Depths:2: 1830 daAuts
Depths:1: 1734 daAuts
   Elf:3: 1718 daAuts
Vaults:3: 1682 daAuts
 Crypt:3: 1617 daAuts
Depths:3: 1600 daAuts
    D:14: 1574 daAuts
Vaults:4: 1556 daAuts
  Lair:3: 1536 daAuts
   Elf:1: 1532 daAuts
     D:8: 1460 daAuts
   Zot:3: 1438 daAuts
